 Dungeon Crawl Stone Soup version 0.24.1-14-gf8d2b509d9 (webtiles) character file.

Game seed: 16989343683076560636, levelgen mode: deterministic

81 Descartes the Scratcher (level 4, 0/19 HPs)
             Began as a Felid Transmuter on May 25, 2020.
             Succumbed to an adder's poison
             ... in a sewer.
             The game lasted 00:07:15 (2778 turns).

Descartes the Scratcher (Felid Transmuter)          Turns: 2778, Time: 00:07:16

Health: 0/19       AC:  1    Str:  7    XL:     4   Next: 19%
Magic:  8/8        EV: 19    Int: 14    God:
Gold:   116        SH:  0    Dex: 17    Spells: 3/7 levels left
                                        Lives:  0   Deaths: 1

rFire    . . .     SeeInvis +     - Unarmed
rCold    . . .     Gourm    .   (shield unavailable)
rNeg     . . .     Faith    .   (armour unavailable)
rPois    .         Spirit   .   (helmet unavailable)
rElec    .         Reflect  .   (cloak unavailable)
rCorr    .         Harm     .   (gloves unavailable)
MR       .....                  (boots unavailable)
Stlth    +++.......             (no amulet)
HPRegen  0.06/turn              (no ring)
MPRegen  0.11/turn              (no ring)

@: lethally poisoned (0 -> -5), quick
A: very small, no armour, no weapons or thrown items, stealth, claws 1, fangs 3,
see invisible, carnivore, speed 1, shaggy fur 1, slow metabolism 1, sharp paws
a: no special abilities


You were in a sewer.
You were completely stuffed.

You visited 1 branch of the dungeon, and saw 3 of its levels.
You also visited: Sewer.

You collected 116 gold pieces.

Inventory:

Missiles
 a - 39 arrows
 m - 18 stones
Wands
 k - a wand of iceblast (6)
Scrolls
 b - a scroll of fear
 d - 3 scrolls of identify
 h - a scroll of immolation
 i - 2 scrolls of remove curse
Potions
 e - a potion of invisibility
 f - a potion of brilliance
 l - a potion of might
Comestibles
 c - 4 rations
 j - a chunk of flesh


   Skills:
 + Level 1.6 Fighting
 + Level 3.5 Dodging
 * Level 3.6 Stealth
 * Level 3.9 Unarmed Combat
 + Level 2.4 Spellcasting
 + Level 0.1 Hexes
 + Level 2.9 Transmutations


You had 3 spell levels left.
You knew the following spells:

 Your Spells              Type           Power        Failure   Level  Hunger
a - Beastly Appendage     Tmut           #.....       7%          1    #......
b - Sticks to Snakes      Tmut           #.......     11%         2    ###....
c - Confusing Touch       Hex            #.....       22%         1    #......

Your spell library contained the following spells:

 Spells                   Type           Power        Failure   Level  Hunger
 Animate Skeleton         Necr           N/A          22%         1    #......
 Apportation              Tloc           #.....       22%         1    #......
 Summon Small Mammal      Summ           #...         22%         1    #......
 Spider Form              Tmut/Pois      #.........   36%         3    ###....
 Ice Form                 Ice/Tmut       #.......     77%         4    #####..
 Blade Hands              Tmut           #.........   88%         5    ######.


Dungeon Overview and Level Annotations

Branches:
Dungeon (3/15)              Sewer (1/1)

Altars:
Dithmenos
Qazlal
Uskayaw

Annotations:
D:3 Grinder


Innate Abilities, Weirdness & Mutations

You cannot wear armour.
You are incapable of wielding weapons or throwing items.
Your paws allow you to move quietly. (Stealth)
You have sharp claws.
You have razor-sharp teeth.
You have supernaturally acute eyesight. (SInv)
You are carnivorous and can eat meat at any time.
You cover ground quickly.
You are covered in fur. (AC +1)
You have a slow metabolism.
Your sharp claws are effective at attacking unaware monsters.


Message History

The adder is severely wounded.
You feel sick.
The ooze splashes around in the water.
The adder closely misses you.
You barely miss the adder.
The adder is severely wounded.
The ooze completely misses you. The adder barely misses you.
You miss the adder.
The adder is severely wounded.
You feel sick. The adder bites you. The ooze hits you.
* * * LOW HITPOINT WARNING * * *
You miss the adder.
The adder is severely wounded.
The adder completely misses you. The ooze misses you. The adder misses you.
You closely miss the adder. You headbutt the adder.
The adder is almost dead.
Your horns disappear.
The ooze closely misses you. The adder completely misses you.
You scratch the adder.
You kill the adder!
You die...

# #≈ ##### #≈≈
####≈.∩#
#≈≈≈#########≈...≈##
#.≈≈≈≈J≈≈≈≈...∩.###
#≈≈≈≈≈†@.≈≈.#####
#############


You could see an ooze.

Vanquished Creatures
  An orc priest (D:3)
  6 adders
  An ooze (D:1)
  A worm (D:3)
  2 dart slugs
  3 leopard geckos
  2 orcs (D:3)
  2 ball pythons (D:3)
  4 giant cockroaches
  11 goblins
  3 hobgoblins
  3 jackals (D:2)
  5 kobolds
  6 bats
  3 frilled lizards
  A rat (D:1)
54 creatures vanquished.

Notes
Turn   | Place    | Note
-------+----------+-------------------------------------------
     0 | D:1      | Descartes the Felid Transmuter began the quest for the Orb.
     0 | D:1      | Reached XP level 1. HP: 9/9 MP: 4/4
    68 | D:1      | Reached skill level 1 in Stealth
   102 | D:1      | Reached XP level 2. HP: 7/12 MP: 4/6
  1266 | D:2      | Reached XP level 3. HP: 15/15 MP: 5/7
  1876 | D:2      | Found a faded altar of an unknown god.
  1940 | D:2      | Reached XP level 4. HP: 19/19 MP: 6/8
  2111 | D:2      | Found a stormy altar of Qazlal.
  2530 | D:3      | Noticed Grinder
  2606 | D:3      | Noticed a +0 dagger
  2607 | D:3      | Found a hide-covered altar of Uskayaw.
  2607 | D:3      | Noticed a +0 dagger
  2611 | D:3      | Reached XP level 5. HP: 7/22 MP: 7/9
  2648 | D:3      | Found a shadowy altar of Dithmenos.
  2659 | D:3      | Slain by a quokka
  2660 | D:3      | Reached XP level 4. HP: -1/19 MP: 8/8
  2687 | D:3      | Learned a level 2 spell: Sticks to Snakes
  2689 | D:3      | Learned a level 1 spell: Confusing Touch
  2719 | D:3      | Found a glowing drain.
  2730 | Sewer    | Entered a sewer
  2778 | Sewer    | Succumbed to an adder's poison

Levels and vault maps discovered:
D:1:      dpeg_arrival_arbitrary_c, layout_loops_ring, minmay_statues_item,
          serial_bayou_pond_d
D:2:      layout_basic, old_standard_altar, chequers_ecumenical_altar_grove,
          minmay_pentomino_p2
D:3:      layout_rooms, dancing_weapons_uskayaw,
          nicolae_dithmenos_shadow_blocks, cheibrodos_sewer_entry_bend,
          first_ration, uniq_grinder
Sewer:    sewer_frog_island_02

Skill      XL: |  1  2  3  4 |
---------------+-------------+-----
Stealth        | 1 2 3 |  3.6
Dodging        | 3 |  3.5
Fighting       | |  1.6
Unarmed Combat | |  3.9
Spellcasting   | |  2.4
Hexes          | |  0.1
Transmutations | |  2.9

Action                   |  1- 3 |  4- 6 || total
-------------------------+-------+-------++-------
Melee: Unarmed           |    68 |    95 ||   163
       Headbutt          |    11 |     8 ||    19
       Bite              |     5 |     4 ||     9
       Punch             |     1 |       ||     1
 Cast: Beastly Appendage |    23 |    19 ||    42
  Use: Scroll            |     1 |     6 ||     7
       Potion            |       |     2 ||     2
 Stab: Sleeping          |     7 |     5 ||    12
  Eat: Chunk             |    10 |     7 ||    17
Armor: Skin              |     1 |     8 ||     9
Dodge: Dodged            |    34 |    94 ||   128
